 Dungeon Crawl Stone Soup version 0.29.0-10-g45618ea6d2 (webtiles) character file.

Game seed: 18367289361556723455

2 Zeldest the Shield-Bearer (level 1, 0/18 HPs)
             Began as a Formicid Fighter on Sept 2, 2022.
             Frozen to death by an endoplasm (4 damage)
             ... on level 1 of the Dungeon.
             The game lasted 00:00:06 (69 turns).

Zeldest the Shield-Bearer (Formicid Fighter)          Turns: 69, Time: 00:00:07

Health: 0/18       AC:  6    Str: 20    XL:     1   Next: 44%
Magic:  1/1        EV:  9    Int:  7    God:
Gold:   14         SH:  5    Dex: 13    Spells: 0/0 levels left

rFire   . . .      SeeInvis +   a - +0 war axe
rCold   . . .      Faith    .   c - +0 buckler
rNeg    . . .      Spirit   .   b - +0 scale mail
rPois   .          Reflect  .   (helmet unavailable)
rElec   .          Harm     .   (no cloak)
rCorr   .          Rampage  .   (no gloves)
Will    .....                   (no boots)
Stlth   ..........              (no amulet)
HPRegen 0.06/turn               (no ring)
MPRegen 0.07/turn               (no ring)

@: no status effects
A: permanent stasis, dig shafts and tunnels, antennae 3, four strong arms
a: Dig, Shaft Self


You were on level 1 of the Dungeon.
You visited 1 branch of the dungeon, and saw 1 of its levels.

You collected 14 gold pieces.

Inventory:

Hand Weapons
 a - a +0 war axe (weapon)
Armour
 b - a +0 scale mail (worn)
 c - a +0 buckler (worn)
Scrolls
 e - 2 scrolls of teleportation {unknown}
 f - a scroll of poison {unknown}
Potions
 d - 2 potions of might
 g - a potion of curing {unknown}


   Skills:
 + Level 3.3 Fighting
 * Level 2.1 Axes
 + Level 3.3 Armour
 + Level 4.0 Shields


You couldn't memorise any spells.
You didn't know any spells.
Your spell library was empty.

Dungeon Overview and Level Annotations

Branches:
Dungeon (1/15)

Altars:


Innate Abilities, Weirdness & Mutations

You cannot be hasted, slowed, berserked, paralysed or teleported.
You can dig through walls and to a lower floor.
You have a pair of large antennae on your head. (SInv)
Your four strong arms can wield two-handed weapons with a shield.


Message History

There are monsters nearby!
You are too injured to fight recklessly!
You are too injured to fight recklessly!
You are too injured to fight recklessly!
You are too injured to fight recklessly!
You are too injured to fight recklessly!
You hit the frilled lizard.
The frilled lizard is heavily wounded.
You completely miss the endoplasm.
The endoplasm hits you but does no damage.
The frilled lizard bites you.
You closely miss the frilled lizard.
The frilled lizard is heavily wounded.
You hit the endoplasm. The endoplasm barely misses you.
The frilled lizard barely misses you. The dart slug launches a dart at you.
The slug dart hits you but does no damage.
You block the endoplasm's attack. The frilled lizard barely misses you.
You closely miss the frilled lizard.
The frilled lizard is heavily wounded.
You hit the endoplasm but do no damage. The endoplasm freezes you.
You are frozen.
The frilled lizard bites you but does no damage.
The dart slug launches a dart at you. The slug dart misses you.
You barely miss the frilled lizard.
The frilled lizard is heavily wounded.
You hit the endoplasm but do no damage. The endoplasm barely misses you.
The frilled lizard closely misses you.
The frilled lizard bites you but does no damage.
The endoplasm freezes you.
You are frozen.
* * * LOW HITPOINT WARNING * * *
You slash the frilled lizard!
You kill the frilled lizard!
You hit the dart slug. You barely miss the endoplasm.
The endoplasm freezes you.
You are frozen.
You die...

# ########## ##########
.##...J....####.........
......†@.$......####..##
.......w......#####....#
.##........##...........
#........###..........
#...?....# #.........#
#........# #.......†.#
##.#####...#.........#
#. ###...........#
#...†.......#


You could see a dart slug and an endoplasm.

Vanquished Creatures
  A ball python (D:1)
  A bat (D:1)
  A frilled lizard (D:1)
  A kobold (D:1)
4 creatures vanquished.

Notes
Turn   | Place    | Note
-------+----------+-------------------------------------------
     0 | D:1      | Zeldest the Formicid Fighter began the quest for the Orb.
     0 | D:1      | Reached XP level 1. HP: 18/18 MP: 1/1
    69 | D:1      | Frozen to death by an endoplasm

Illustrated notes

Levels and vault maps discovered:
D:1:      scummos_arrival_hexagon, layout_rooms

Action                   || total
-------------------------++-------
Melee: War axe           ||    11
Armor: Scale mail        ||     4
Dodge: Dodged            ||    10
Block: Buckler           ||     2
